 Dungeon Crawl Stone Soup version 0.24-a0-416-g56ce5178b7 (webtiles) character file.

Game seed: 9932748334227679084

56 KristoblXynda the Charlatan (level 3, 0/28 HPs)
             Began as a Draconian Artificer on June 9, 2019.
             Slain by a worm (7 damage)
             ... on level 2 of the Dungeon.
             The game lasted 00:02:22 (1242 turns).

KristoblXynda the Charlatan (Draconian Artificer)   Turns: 1242, Time: 00:02:23

Health: 0/28       AC:  5    Str: 14    XL:     3   Next: 71%
Magic:  5/5        EV: 12    Int: 12    God:
Gold:   34         SH:  0    Dex: 11    Spells: 2/2 levels left

rFire    . . .     SeeInvis .   a - +0 short sword
rCold    . . .     Gourm    .   (no shield)
rNeg     . . .     Faith    .   (armour unavailable)
rPois    .         Spirit   .   (helmet restricted)
rElec    .         Reflect  .   (no cloak)
rCorr    .         Harm     .   (no gloves)
MR       .....                  (no boots)
Stlth    +.........             (no amulet)
HPRegen  0.09/turn              (no ring)
MPRegen  0.09/turn              (no ring)

@: no status effects
A: unfitting armour, cold-blooded, AC +5
a: no special abilities


You were on level 2 of the Dungeon.
You were not hungry.

You visited 1 branch of the dungeon, and saw 2 of its levels.

You collected 34 gold pieces.

Inventory:

Hand Weapons
 a - a +0 short sword (weapon)
Wands
 b - a wand of flame (12)
 c - a wand of enslavement (15)
 d - a wand of random effects (15)
Scrolls
 e - 2 scrolls of teleportation {unknown}
 g - a scroll of remove curse {unknown}
 i - a scroll of random uselessness {unknown}
Potions
 h - a potion of haste {unknown}
Comestibles
 f - a ration
 j - a chunk of flesh


   Skills:
 - Level 1.1 Fighting
 + Level 2.1 Short Blades
 + Level 2.6 Dodging
 - Level 0.8 Stealth
 + Level 3.6 Evocations


You had 2 spell levels left.
You didn't know any spells.
Your spell library was empty.

Dungeon Overview and Level Annotations

Branches:
Dungeon (2/15)

Altars:


Innate Abilities, Weirdness & Mutations

Your plain brown scales are hard. (AC +5)
You cannot fit into any form of body armour.
You are cold-blooded and may be slowed by cold attacks.


Message History

Things that are here:
a +0 club; a jackal skeleton You hit the worm but do no damage.
You tail-slap the worm.
The worm is lightly wounded.
The worm bites you.
You hit the worm.
The worm is moderately wounded.
You hit the worm but do no damage.
Your tail-slap misses the worm.
The worm is moderately wounded.
The worm bites you.
You hit the worm.
Your tail-slap misses the worm.
The worm is heavily wounded.
The worm bites you!
* * * LOW HITPOINT WARNING * * *
You hit the worm but do no damage.
The worm is moderately wounded.
You hit the worm.
The worm is heavily wounded.
The worm bites you!
You die...

.. [. #.. #. ... ..# #
. #.# #.# #.# #g# #.#
#.# ##+## #.# #.# #.#
##...## #.# #.# #.#
#.....## #.###.# #.#
...^...## #..##.###.#
........####...w@)...#
........'.....).######
........####...##
.......## ##..#
#.....## ##.# ##...##
#.# ##+## #.# #.# #.#


You could see a worm.

Vanquished Creatures
  An adder (D:2)
  4 dart slugs (D:1)
  A ball python (D:1)
  A bat (D:1)
  2 giant cockroaches
  9 goblins
  5 hobgoblins
  A jackal (D:2)
  3 kobolds
  A quokka (D:2)
  5 frilled lizards (D:1)
  3 rats (D:1)
36 creatures vanquished.

Notes
Turn   | Place    | Note
-------+----------+-------------------------------------------
     0 | D:1      | KristoblXynda the Draconian Artificer began the quest for
                  | the Orb.
     0 | D:1      | Reached XP level 1. HP: 16/16 MP: 3/3
   300 | D:1      | Reached XP level 2. HP: 23/23 MP: 4/4
   654 | D:1      | Reached XP level 3. HP: 24/28 MP: 5/5
  1242 | D:2      | Slain by a worm

Levels and vault maps discovered:
D:1:      minmay_arrival_floating_metal, layout_loops_corners
D:2:      layout_loops_corners, minmay_misc_feat_secret_circle,
          minmay_diced_spiral

Skill      XL: |  1  2  3 |
---------------+----------+-----
Dodging        | 2 |  2.6
Short Blades   | 2 |  2.1
Fighting       | |  1.1
Stealth        | |  0.8
Evocations     | |  3.6

Action                   || total
-------------------------++-------
Melee: Short sword       ||   125
       Tailslap          ||    10
Evoke: Wand              ||     3
 Stab: Sleeping          ||     4
  Eat: Chunk             ||     1
Armor: Skin              ||    37
Dodge: Dodged            ||    66

Table legend:
 A = Non-vault XP
 B = Vault XP
 C = Vault XP percentage of total XP
 D = Non-vault monster count
 E = Vault monster count
 F = Vault count percentage of total count
                 A         B        C        D         E       F
            +---------+---------+-------+---------+---------+-------
      Total |      81 |       0 |   0.0 |      36 |       0 |   0.0
            +---------+---------+-------+---------+---------+-------
        D:1 |      54 |       0 |   0.0 |      28 |       0 |   0.0
        D:2 |      27 |       0 |   0.0 |       8 |       0 |   0.0
            +---------+---------+-------+---------+---------+-------
